 Dungeon Crawl Stone Soup version 0.23.2 (webtiles) character file.

Game seed: 1297707598006763719

21 poirepourri the Magician (level 2, -1/19 HPs)
             Began as a Mummy Conjurer on Apr 7, 2019.
             Slain by a leopard gecko (4 damage)
             ... on level 1 of the Dungeon.
             The game lasted 00:01:05 (708 turns).

poirepourri the Magician (Mummy Conjurer)            Turns: 708, Time: 00:01:06

Health: -1/19      AC:  2    Str: 11    XL:     2   Next: 62%
Magic:  0/7        EV: 12    Int: 14    God:
Gold:   55         SH:  0    Dex: 12    Spells: 8/9 levels left

rFire    x . .     SeeInvis .   (no weapon)
rCold    + . .     Gourm    .   (no shield)
rNeg     + + +     Faith    .   a - +0 robe
rPois    ∞         Spirit   .   (no helmet)
rElec    .         Reflect  .   (no cloak)
rCorr    .         Harm     .   (no gloves)
MR       .....                  (no boots)
Stlth    ++........             (no amulet)
HPRegen  0.06/turn              (no ring)
MPRegen  0.10/turn              (no ring)

@: no status effects
A: no food or potions, fire vulnerability, cold resistance 1, negative energy
resistance 3, torment resistance, unbreathing
a: no special abilities


You were on level 1 of the Dungeon.
You were not hungry.

You visited 1 branch of the dungeon, and saw 1 of its levels.

You collected 55 gold pieces.

Inventory:

Armour
 a - a +0 robe (worn)
Jewellery
 c - an uncursed amulet of magic regeneration {unknown}
Scrolls
 b - a scroll of enchant armour {unknown}


   Skills:
 - Level 1.5 Dodging
 - Level 1.5 Stealth
 + Level 4.1 Spellcasting
 - Level 3.2 Conjurations


You had 8 spell levels left.
You knew the following spells:

 Your Spells              Type           Power        Failure   Level  Hunger
a - Magic Dart            Conj           ##..         4%          1    N/A

Your spell library contained the following spells:

 Spells                   Type           Power        Failure   Level  Hunger
 Searing Ray              Conj           ##....       8%          2    N/A
 Dazzling Spray           Conj/Hex       #.....       28%         3    N/A
 Iskenderun's Mystic Bla  Conj           ##......     45%         4    N/A
 Force Lance              Conj/Tloc      #.......     67%         4    N/A
 Fulminant Prism          Conj/Hex       #.........   67%         4    N/A

Dungeon Overview and Level Annotations

Branches:
Dungeon (1/15)

Altars:


Innate Abilities, Weirdness & Mutations

You do not eat or drink.
Your flesh is vulnerable to fire.
You are immune to poison.
Your flesh is cold resistant. (rC+)
You are immune to negative energy. (rN+++)
You are immune to unholy pain and torment.
You can survive without breathing.


Message History

The leopard gecko is heavily wounded.
The leopard gecko closely misses you. x2
Casting: Magic Dart (safe; 4% risk of failure)
Confirm with . or Enter, or press ? or * to list all spells.
You don't have enough magic to cast that spell.
Unknown command.
You see here a hobgoblin skeleton.
The leopard gecko bites you.
* * * LOW HITPOINT WARNING * * *
Casting: Magic Dart (safe; 4% risk of failure)
Confirm with . or Enter, or press ? or * to list all spells.
Aiming: Magic Dart (safe; 4% risk of failure)
Press: ? - help, Shift-Dir - straight line, f/p - leopard gecko
Aim: a leopard gecko (moderately wounded, clinging)
The magic dart hits the leopard gecko but does no damage.
The leopard gecko is moderately wounded.
The leopard gecko bites you but does no damage.
The leopard gecko completely misses you.
The leopard gecko bites you.
You die...

.##.......#.#########
.##.....>.#.##......#
.##.^.....#.##......#
.##.......#.##[.....#
.##...#####.#####.#######
.†..### #.##.(........#
..#########..#..........#
........................#
...#########.###@.#.#####
÷..# #.......l.#.# ...#
#.......>...# ...#
#..........## ...#
#...........#
[..######.......#.#.#
................#.#.#
.........###.##...#.#
!........# #.##..##.##


You could see a leopard gecko.

Vanquished Creatures
  A leopard gecko (D:1)
  A bat (D:1)
  3 goblins (D:1)
  4 hobgoblins (D:1)
  3 frilled lizards (D:1)
  3 kobolds (D:1)
  3 rats (D:1)
18 creatures vanquished.

Notes
Turn   | Place    | Note
-------+----------+-------------------------------------------
     0 | D:1      | poirepourri the Mummy Conjurer began the quest for the Orb.
     0 | D:1      | Reached XP level 1. HP: 13/13 MP: 4/4
    63 | D:1      | Reached skill level 3 in Spellcasting
   253 | D:1      | Reached XP level 2. HP: 19/19 MP: 4/6
   561 | D:1      | Reached skill level 4 in Spellcasting
   708 | D:1      | Slain by a leopard gecko

Skill      XL: |  1  2 |
---------------+-------+-----
Spellcasting   | 3 4 |  4.1
Dodging        | |  1.5
Stealth        | |  1.5
Conjurations   | |  3.2

Action                   || total
-------------------------++-------
Melee: Unarmed           ||     2
 Cast: Magic Dart        ||    39
Armor: Robe              ||     2
Dodge: Dodged            ||    16
